 Dungeon Crawl Stone Soup version 0.29-a0-275-g389c0b56f3 (webtiles) character file.

Game seed: 10330296792764121043

2 YayAnonymity the Chopper (level 1, 0/16 HPs)
             Began as a Demonspawn Gladiator on Mar 13, 2022.
             Slain by an adder (2 damage)
             ... on level 2 of the Dungeon.
             The game lasted 00:00:20 (90 turns).

YayAnonymity the Chopper (Demonspawn Gladiator)       Turns: 90, Time: 00:00:20

Health: 0/16       AC:  4    Str: 14    XL:     1   Next: 33%
Magic:  1/1        EV: 12    Int:  9    God:
Gold:   37         SH:  0    Dex: 14    Spells: 0/0 levels left

rFire   . . .      SeeInvis .   a - +0 war axe
rCold   . . .      Faith    .   (no shield)
rNeg    . . .      Spirit   .   b - +0 leather armour
rPois   .          Reflect  .   c - +0 helmet
rElec   .          Harm     .   (no cloak)
rCorr   .          Rampage  .   (no gloves)
Will    .....                   (no boots)
Stlth   +.........              (no amulet)
HPRegen 0.05/turn               (no ring)
MPRegen 0.07/turn               (no ring)

@: no status effects
A: no striking features
a: no special abilities


You were on level 2 of the Dungeon.
You visited 1 branch of the dungeon, and saw 2 of its levels.

You collected 37 gold pieces.

Inventory:

Hand Weapons
 a - a +0 war axe (weapon)
Missiles
 d - 3 throwing nets (quivered)
 e - a javelin
Armour
 b - a +0 leather armour (worn)
 c - a +0 helmet (worn)


   Skills:
 - Level 2.0 Fighting
 + Level 2.9 Axes
 - Level 1.7 Throwing
 - Level 2.6 Dodging


You couldn't memorise any spells.
You didn't know any spells.
Your spell library was empty.

Dungeon Overview and Level Annotations

Branches:
Dungeon (1/15)

Altars:


Message History

The shaft crumbles and collapses.
Found an escape hatch in the ceiling.
A goblin comes into view. It is wielding a +0 club.
A goblin is nearby!
The goblin shouts!
An adder comes into view.
Found a robe.
The adder hisses angrily.
There is an escape hatch in the ceiling here.
You closely miss the goblin. The goblin barely misses you.
You closely miss the adder. You hit the goblin.
You kill the goblin!
The adder bites you.
You barely miss the adder. The adder barely misses you. The adder misses you.
You hit the adder but do no damage. The adder misses you.
The adder barely misses you.
You miss the adder. Your punch misses the adder.
The adder bites you but does no damage. The adder misses you.
You barely miss the adder. The adder misses you.
You miss the adder. The adder bites you. x2
You are poisoned.
The adder poisons you!
You hit the adder. Your punch misses the adder.
The adder is moderately wounded.
You feel sick. The adder bites you. The adder barely misses you.
You closely miss the adder.
The adder is moderately wounded.
You feel sick. The adder bites you but does no damage.
The adder closely misses you.
You hit the adder but do no damage.
The adder is moderately wounded.
You feel sick. The adder bites you.
* * * LOW HITPOINT WARNING * * *
The adder barely misses you.
You barely miss the adder.
The adder is moderately wounded.
You feel sick.
You are no longer poisoned.
The adder bites you.
You die...

..# #. ..# #.#####
####### ..##### .....
......# ......#####..#
#......#
..........#..##........#
......###.......#......#
..##### ##.#.####.....[
..# #.#....)..#### ..#
#.#....@.....# ..#
#.#####S####.# .## #.#
#.# #.# #.# ... ... ..#
#.. #..


You could see an adder.

Vanquished Creatures
  2 goblins
2 creatures vanquished.

Notes
Turn   | Place    | Note
-------+----------+-------------------------------------------
     0 | D:1      | YayAnonymity the Demonspawn Gladiator began the quest for
                  | the Orb.
     0 | D:1      | Reached XP level 1. HP: 16/16 MP: 1/1
    40 | D:1      | You fall into a shaft and drop 1 floor!
    90 | D:2      | Slain by an adder

Illustrated notes

Levels and vault maps discovered:
D:1:      mainiacjoe_arrival_reflecting_pool, layout_loops_ring,
          basic_ecumenical_altar, minivault_24
D:2:      layout_loops_cross

Action                   || total
-------------------------++-------
Melee: War axe           ||    14
Armor: Leather armour    ||     4
Dodge: Dodged            ||    11

Table legend: (Time is in decaauts)
 A = Elapsed time spent in this place.
 B = Non-inter-level travel time spent in this place.
 C = Inter-level travel time spent in this place.
 D = Time resting spent in this place.
 E = Time spent auto-exploring this place.
 F = Levels seen in this place.
 G = Mean time per level.
                   A        B        C        D        E       F      G
               +--------+--------+--------+--------+--------+-----+--------+
         Total |     94 |     94 |      0 |      0 |     65 |   2 |   47.0 |
       Dungeon |     94 |     94 |      0 |      0 |     65 |   2 |   47.0 |
               +--------+--------+--------+--------+--------+-----+--------+

Top non-repeatable levels by time:
     D:2: 53 daAuts
     D:1: 41 daAuts
